Workbook
Name AMAZONAS: 'ListasDpto-Mpio'!$C$2:$C$13
Name ANTIOQUIA: 'ListasDpto-Mpio'!$D$2:$D$127
Name ARAUCA: 'ListasDpto-Mpio'!$E$2:$E$9
Name ATLÁNTICO: 'ListasDpto-Mpio'!$F$2:$F$25
Name BOGOTÁ_D.C.: 'ListasDpto-Mpio'!$G$2:$G$23
Name BOLÍVAR: 'ListasDpto-Mpio'!$H$2:$H$48
Name BOYACÁ: 'ListasDpto-Mpio'!$I$2:$I$125
Name CALDAS: 'ListasDpto-Mpio'!$J$2:$J$29
Name CAQUETÁ: 'ListasDpto-Mpio'!$K$2:$K$18
Name CASANARE: 'ListasDpto-Mpio'!$L$2:$L$21
Name CAUCA: 'ListasDpto-Mpio'!$M$2:$M$44
Name CESAR: 'ListasDpto-Mpio'!$N$2:$N$27
Name CHOCÓ: 'ListasDpto-Mpio'!$O$2:$O$33
Name CÓRDOBA: 'ListasDpto-Mpio'!$P$2:$P$32
Name CUNDINAMARCA: 'ListasDpto-Mpio'!$Q$2:$Q$118
Name DEPARTAMENTO: 'ListasDpto-Mpio'!$A$3:$A$36
Name DEPeseldt1: MI_Oferente_Singular!$I$20
Name DEPeseldt10: MI_Oferente_Singular!$I$29
Name DEPeseldt11: MI_Oferente_Singular!$I$30
Name DEPeseldt12: MI_Oferente_Singular!$I$31
Name DEPeseldt13: MI_Oferente_Singular!$I$32
Name DEPeseldt14: MI_Oferente_Singular!$I$33
Name DEPeseldt15: MI_Oferente_Singular!$I$34
Name DEPeseldt16: MI_Oferente_Singular!$I$35
Name DEPeseldt2: MI_Oferente_Singular!$I$21
Name DEPeseldt3: MI_Oferente_Singular!$I$22
Name DEPeseldt4: MI_Oferente_Singular!$I$23
Name DEPeseldt5: MI_Oferente_Singular!$I$24
Name DEPeseldt6: MI_Oferente_Singular!$I$25
Name DEPeseldt7: MI_Oferente_Singular!$I$26
Name DEPeseldt8: MI_Oferente_Singular!$I$27
Name DEPeseldt9: MI_Oferente_Singular!$I$28
Name deptosel100: MI_Oferente_Singular!$I$20:$I$35
Name DptoSel: #REF!
Name DptoSel: #REF!
Name DptoSel0: MI_Oferente_Singular!$I$20:$I$35
Name DptoSel0ut2: MI_Oferente_Singular!$I$20:$I$35
Name DptoSel1: MI_Oferente_Singular!$I$48
Name DptoSel1: #REF!
Name DptoSel10: MI_Oferente_Singular!$I$80
Name DptoSel10: #REF!
Name DptoSel11: MI_Oferente_Singular!$I$81
Name DptoSel11: #REF!
Name DptoSel12: MI_Oferente_Singular!$I$82
Name DptoSel12: #REF!
Name DptoSel13: MI_Oferente_Singular!$I$84
Name DptoSel13: #REF!
Name DptoSel14: MI_Oferente_Singular!$I$85
Name DptoSel14: #REF!
Name DptoSel15: MI_Oferente_Singular!$I$86
Name DptoSel15: #REF!
Name DptoSel16: MI_Oferente_Singular!$I$87
Name DptoSel16: #REF!
Name DptoSel17: MI_Oferente_Singular!$I$88
Name DptoSel17: #REF!
Name DptoSel18: MI_Oferente_Singular!$I$89
Name DptoSel18: #REF!
Name DptoSel19: MI_Oferente_Singular!$I$90
Name DptoSel19: #REF!
Name DptoSel2: MI_Oferente_Singular!$I$49

Sheet MI_Oferente_Singular
C2: MANIFESTACIÓN DE INTERÉS PARA LA SELECCIÓN DE OFERENTES EN CONTRATOS DE APORTE DE SERVICIOS DE ATENCIÓN A LA PRIMERA INFANCIA | L2: DOCUMENTO EN REVISIÓN | N2: FECH A PENDIENTE
L3: Versión 1 | N3: Página 1 de 3
L4: Clasificación de la Información: Pública
A6: VÍNCULOS
B8: =HYPERLINK("#MI_Oferente_Singular!B20","IDENTIFICACIÓN DEL OFERENTE") -> IDENTIFICACIÓN DEL OFERENTE | E8: =HYPERLINK("#MI_Oferente_Singular!A114","CAPACIDAD RESIDUAL") -> CAPACIDAD RESIDUAL | I8: =HYPERLINK("#MI_Oferente_Singular!I162","DISCAPACIDAD") -> DISCAPACIDAD | K8: =HYPERLINK("#MI_Oferente_Singular!A191","TRAYECTORIA ") -> TRAYECTORIA
B9: =HYPERLINK("#MI_Oferente_Singular!H17","DATOS CONTRATO INVITACIÓN") -> DATOS CONTRATO INVITACIÓN | E9: =HYPERLINK("#MI_Oferente_Singular!A162","TALENTO HUMANO") -> TALENTO HUMANO | I9: =HYPERLINK("#MI_Oferente_Singular!A179","CONTRAPARTIDA ADICIONAL") -> CONTRAPARTIDA ADICIONAL | K9: =HYPERLINK("#MI_Oferente_Singular!A209","ACEPTACIÓN") -> ACEPTACIÓN
B10: =HYPERLINK("#MI_Oferente_Singular!A48","EXPERIENCIA TERRITORIAL") -> EXPERIENCIA TERRITORIAL | E10: =HYPERLINK("#MI_Oferente_Singular!F162","INFRAESTRUCTURA") -> INFRAESTRUCTURA | I10: =HYPERLINK("#MI_Oferente_Singular!H179","VALOR TECNICO AGREGADO") -> VALOR TECNICO AGREGADO
C14: DP_Asunto_ManifestacionInteres_No
B15: Asunto: Manifestación de interés No | C15: 2021-19-2 | G15: Regional ICBF: | H15: Cauca | I15: Tipo de Oferente: | J15: Singular | L15: % participación | N15: 100%
A17: IDENTIFICACIÓN DEL OFERENTE | H17: DATOS CONTRATO DE LA INVITACIÓN
B19: NIT (Sin dígito de verificación): | H19: Datos básicos del contrato relacionado con la Manifestación de interés del Asunto | I19: Departamento | J19: Municipio | K19: Valor invitación | L19: Fecha inicio | M19: Fecha final | N19: Tiempo ejecución (meses)
B20: 830082544 | I20: CAUCA | J20: BUENOS AIRES | K20: 2986606920 | M20: 44561 | N20: =+(M20-L20)/30 -> 1485.3667 | V20: =NOW() -> 44201.636 | W20: =NOW() -> 44201.636
I21: CAUCA | J21: SUÁREZ | N21: =+(M21-L21)/30 -> 0
N22: =+(M22-L22)/30 -> 0
N23: =+(M23-L23)/30 -> 0
N24: =+(M24-L24)/30 -> 0
N25: =+(M25-L25)/30 -> 0
N26: =+(M26-L26)/30 -> 0
N27: =+(M27-L27)/30 -> 0
N28: =+(M28-L28)/30 -> 0
N29: =+(M29-L29)/30 -> 0
N30: =+(M30-L30)/30 -> 0
N31: =+(M31-L31)/30 -> 0
N32: =+(M32-L32)/30 -> 0
N33: =+(M33-L33)/30 -> 0
... N35: =+(M35-L35)/30 -> 0
B37: Razón Social:
B38: =VLOOKUP(B20,EAS!A2:B1439,2,0) -> CORPORACIÓN INFANCIA Y DESARROLLO LA CID
I39: Prestar los servicios de educación inicial en el marco de la atención integral en Desarrollo Infantil en Medio Familiar - DIMF-, de conformidad con el Manual Operativo de la Modalidad Familiar, el Lineamiento Técnico para la Atención a la Primera Infancia y las directrices establecidas por el ICBF, en armonía con la Política de Estado para el Desarrollo Integral de la Primera Infancia de Cero a Siempre.
A41: REGISTRO DE INFORMACIÓN PARA CADA UNO DE LOS CRITERIOS DE LA MANIFESTACIÓN DE INTERÉS
A43: EXPERIENCIA TERRITORIAL
A44: En esta sección se registrará la información que corresponde a la Experiencia del Oferente y deberá adjuntar la declaración juramentada suscrita por el representante legal, en la cual relacione los contratos ejecutados y terminados con el sector público y privado.
I46: Lugar de ejecución
A47: No. | B47: Entidad contratante | C47: Sector | D47: Número de contrato | E47: Fecha Inicio (dd/mm/aaaa) | F47: Fecha terminación (dd/mm/aaaa) | G47: Experiencia (meses) | H47: Objeto del contrato | I47: Departamento | J47: Municipio | K47: Valor del contrato | L47: Unión Temporal / Consorcio | M47: % participación | N47: Estado | O47: Experiencia Registrada para habilitación en banco
A48: 1 | B48: MEN: MINISTERIO DE EDUCACION NACIONAL | C48: Público | D48: Contrato No. 662 -2009 | E48: 40016 | F48: 40542 | G48: 5 meses 8 días | H48: Apoyar a las secretarias de educación e instituciones educativas en la implementación y sostenibilidad del modelo circulos de aprendizaje. | I48: CAUCA | J48: SANTANDER DE QUILICHAO | K48: 6088800000 | L48: No | M48: 1 | N48: Terminado | O48: No
A49: 2 | B49: MEN: MINISTERIO DE EDUCACION NACIONAL | C49: Público | D49: Convenio de asoiación 608 | E49: 40557 | F49: 40880 | G49: =IF(AND(E49<>"",F49<>""),((F49-E49)/30),"") -> 10.766667 | H49: Realizar un convenio de asociación para apoyar a las Secretarías de Educación e Instituciones Educativas en la atención educativa de niños, niñas y jóvenes en situación de desplazamiento y extrema vulnerabilidad con la implementación del modelo educativo Círculos de Aprendizaje, priorizando las regiones donde se ha decretado la emergencia invernal. | I49: CAUCA | J49: POPAYÁN | K49: 1625000000 | L49: No | M49: 1 | N49: Terminado | O49: No
A50: 3 | B50: ALCALDIA MUNICIPAL DE POPAYÁN: SECRETARÍA DE EDUCACIÓN | C50: Público | D50: Convenio de Cooperacion No.029 | E50: 40676 | F50: 40890 | G50: =IF(AND(E50<>"",F50<>""),((F50-E50)/30),"") -> 7.1333333 | H50: Garantizar el derecho a la educación de 1425 jóvenes y adultos del Municipio de Popayán, que por diferentes motivos no han logrado iniciar o culminar su ciclo educativo formal, implementación del ciclo 1, 2 y 3. | I50: CAUCA | J50: POPAYÁN | K50: 595844288 | L50: No | M50: 1 | N50: Terminado | O50: No
A51: 4 | B51: MEN:_MINISTERIO_DE_EDUCACION_NACIONAL | C51: Público | D51: Contrato No. 515-2011 | E51: 40795 | F51: 40998 | G51: =IF(AND(E51<>"",F51<>""),((F51-E51)/30),"") -> 6.7666667 | H51: Realización de un evento de actualización técnica, pedagógica y de gestión del modelo educativo “Aceleración de Aprendizaje” a cada uno de los equipos multiplicadores de las secretarias de educación de las entidades territoriales certificadas del país, con el fin de que realicen la capacitación necesaria en su jurisdicción para la implementación de dicho modelo educativo. Así mismo, realizar visitas de seguimiento, acompañamiento y asesoría a Secretarias de educación, establecimientos educativos, y aulas focalizadas para la implementación del modelo educativo citado.” | I51: CAUCA | J51: POPAYÁN | K51: 521069328 | L51: No | M51: 1 | N51: Terminado | O51: No
A52: 5 | B52: MEN:_MINISTERIO_DE_EDUCACION_NACIONAL | C52: Público | D52: Contrato de aporte No. 861-2011 | E52: 40907 | F52: 41274 | G52: =IF(AND(E52<>"",F52<>""),((F52-E52)/30),"") -> 12.233333 | H52: Prestar el servicio de apoyo a las Secretaría de Educación e Instituciones Educativas en la atención educativa de niños, niñas y jóvenes en situación de desplazamiento y extrema vulnerabilidad con la implementación del modelo educativo Círculos de Aprendizaje y Jornadas escolares complementarias. Zona 1|. | I52: CAUCA | J52: POPAYÁN | K52: 9088939684 | L52: No | M52: 1 | N52: Terminado | O52: No
A53: 6 | B53: MEN:_MINISTERIO_DE_EDUCACION_NACIONAL | C53: Público | D53: Contrato No. 376-2014 MED | E53: 41805 | F53: 42353 | G53: 18 | H53: Prestacion de servicios para apoyar a las secretarias de educacion e instituciones educativas en la atencion educativa de niños niñas y jovenes en situcion de desplazamiento y extrema vulnerabilidad con la continuidad o expansion en la implementacion del modelo educativo grupos juveniles creativos ZONA 2 | I53: CAUCA | J53: POPAYÁN | K53: 5614862014 | L53: No | M53: 1 | N53: Terminado | O53: No
A54: 7 | B54: MEN:_MINISTERIO_DE_EDUCACION_NACIONAL | C54: Público | D54: Contrato No. 363-2014 | E54: 41799 | F54: 42216 | G54: =IF(AND(E54<>"",F54<>""),((F54-E54)/30),"") -> 13.9 | H54: Prestacion de servicios para apoyar a las secretarias de educacion e instituciones educativas en la atencion educativa de niños niñas y jovenes en situcion de desplazamiento y extrema vulnerabilidad con la continuidad o expansion en la implementacion del modelo educativo grupos juveniles creativos ZONA 2 | I54: CAUCA | J54: FLORENCIA | K54: 5256767987 | L54: No | M54: 1 | N54: Terminado | O54: No
A55: 8 | B55: UNIVERSIDAD_CATÓLICA_ORIENTE | C55: Privado | D55: Convenio Universidad Católica de Oriente SG-068/2011 | E55: 40678 | F55: 40739 | G55: =IF(AND(E55<>"",F55<>""),((F55-E55)/30),"") -> 2.0333333 | H55: El seminario de capacitación incluye capacitación para la implementación de la porpuesta SER, en aquellos departamentos donde la CID tenga radio de acción exceptuando el departamento de Antioquia. | I55: CAUCA | J55: POPAYÁN | K55: 19478957 | L55: No | M55: 1 | N55: Liquidado | O55: No
A56: 9 | B56: ICBF_NACIONAL | C56: Público | D56: Convenio de asociación N° 1142-2016 | E56: 42508 | F56: 42704 | G56: =IF(AND(E56<>"",F56<>""),((F56-E56)/30),"") -> 6.5333333 | H56: Atención en la Primera Infancia | I56: CAUCA | J56: CALDONO | K56: 1475078930 | L56: No | M56: 1 | N56: Liquidado | O56: No
A57: 10 | B57: OIM:_ORGANIZACIÓN_INTERNACIONAL_PARA_LAS_MIGRACIONES | C57: Privado | D57: Contrato prestacion de servicios No. PSPJ 2425 de 2017 RPR-0121 ((OIM)) | E57: 42849 | F57: 42977 | G57: =IF(AND(E57<>"",F57<>""),((F57-E57)/30),"") -> 4.2666667 | H57: Apoyar al gobierno colombiano para fomentar la reintegración sostenible e inclusivo para excombatientes y los niños desvinculados y prevenir nuevos reclutamientos. | I57: CAUCA | J57: CALDONO | K57: 448435877 | L57: No | M57: 1 | N57: Terminado | O57: No
A58: 11 | B58: CNR:_CONSEJO_NORUEGO_PARA_LOS_REFUGIADOS | C58: Privado | D58: Convenio NCR/DEVCO: COFE1607 | E58: 42767 | F58: 43616 | G58: =IF(AND(E58<>"",F58<>""),((F58-E58)/30),"") -> 28.3 | H58: Proteccion de niños y niñas en alto riesgo de reclutamiento y re-integracion de los niños y niñas desvinculados en los departamentos del cauca,nariño putumayo, y norte de santander, COLOMBIA. | I58: CAUCA | J58: TORIBÍO | K58: 960546000 | L58: No | M58: 1 | N58: Terminado | O58: No
A59: 12 | B59: DIAKONIE_KATASTROPHENHILFE | C59: Privado | D59: Contrato de Cooperación K-AMM-2019-9002 | E59: 43678 | F59: 44043 | G59: =IF(AND(E59<>"",F59<>""),((F59-E59)/30),"") -> 12.166667 | H59: Aunares esfuerzos administrativos y financieros para el fortalecimiento de la capacidad territorial en la implementación estrategias de atención psicosocial y gestión integral en salud a víctimas del conflicto armado. | I59: CAUCA | J59: CAUCA (DP) | K59: 252369000 | L59: No | M59: 1 | N59: Terminado | O59: No
A60: 13
A61: 14
A62: 15
A63: 16
A64: 17
A65: 18
A66: 19
A67: 20
A68: 21
A69: 22
A70: 23
A71: 24
... A84: 37
A85: 38 | G85: =IF(AND(E85<>"",F85<>""),((F85-E85)/30),"")
A86: 39 | G86: =IF(AND(E86<>"",F86<>""),((F86-E86)/30),"")
A87: 40 | G87: =IF(AND(E87<>"",F87<>""),((F87-E87)/30),"")
A88: 41 | G88: =IF(AND(E88<>"",F88<>""),((F88-E88)/30),"")
A89: 42 | G89: =IF(AND(E89<>"",F89<>""),((F89-E89)/30),"")
A90: 43 | G90: =IF(AND(E90<>"",F90<>""),((F90-E90)/30),"")
A91: 44 | G91: =IF(AND(E91<>"",F91<>""),((F91-E91)/30),"")
A92: 45 | G92: =IF(AND(E92<>"",F92<>""),((F92-E92)/30),"")
A93: 46 | G93: =IF(AND(E93<>"",F93<>""),((F93-E93)/30),"")
A94: 47 | G94: =IF(AND(E94<>"",F94<>""),((F94-E94)/30),"")
A95: 48 | G95: =IF(AND(E95<>"",F95<>""),((F95-E95)/30),"")
A96: 49 | G96: =IF(AND(E96<>"",F96<>""),((F96-E96)/30),"")
... A107: 60 | G107: =IF(AND(E107<>"",F107<>""),((F107-E107)/30),"")
A109: CAPACIDAD RESIDUAL
A110: En esta sección se registrará la información que corresponde a la Experiencia del Oferente de los contratos que se encuentren en ejecución. Este requisito se verificará a través de una declaración juramentada suscrita por el representante legal, en la cual reporte los contratos que se encuentren en ejecución con el ICBF.
I112: Lugar de ejecución | O112: =HYPERLINK("#MI_Oferente_Singular!A1","INICIO") -> INICIO
A113: No. | B113: Entidad contratante | C113: Sector | D113: Número de contrato | E113: Fecha Inicio (dd/mm/aaaa) | F113: Fecha terminación (dd/mm/aaaa) | G113: Experiencia (meses) | H113: Objeto del contrato | I113: Departamento | J113: Municipio | K113: Valor del contrato | L113: Valor en SMMLV | M113: Unión Temporal / Consorcio | N113: % participación | O113: Estado
A114: 1 | B114: ICBF | C114: Público | D114: CO1.SLCNTR.2889514 | E114: 43880 | F114: 44196 | G114: =IF(AND(E114<>"",F114<>""),((F114-E114)/30),"") -> 10.533333 | H114: PRESTAR EL SERVICIO DE DESARROLLO INFANTIL EN MEDIO FAMILIAR -DIMF- DE CONFORMIDAD CON EL MANUAL OPERATIVO DE LA MODALIDAD FAMILIAR Y LAS DIRECTRICES ESTABLECIDAS POR EL ICBF, EN ARMONÍA CON LA POLÍTICA DE ESTADO PARA EL DESARROLLO INTEGRAL DE LA PRIMERA INFANCIA DE CERO A SIEMPRE, EN EL MUNICIPIO DE PUERTO CARREÑO. | I114: VICHADA | J114: PUERTO CARREÑO | K114: 1330203083 | L114: =+IF(AND(K114>0,O114="Ejecución"),(K114/877802)*[1]MI_Oferente_Singular!$N114,IF(AND(K114>0,O114<>"Ejecución"),"-","")) -> 1515.3794 | M114: No | N114: 1 | O114: Ejecución
A115: 2 | B115: ICBF | C115: Público | G115: =IF(AND(E115<>"",F115<>""),((F115-E115)/30),"") | L115: =+IF(AND(K115>0,O115="Ejecución"),(K115/877802)*MI_Oferente_Singular!$N115,IF(AND(K115>0,O115<>"Ejecución"),"-","")) | N115: =+IF(M118="No",1,IF(M118="Si","Ingrese %","")) | O115: Ejecución
A116: 3 | B116: ICBF | C116: Público | G116: =IF(AND(E116<>"",F116<>""),((F116-E116)/30),"") | L116: =+IF(AND(K116>0,O116="Ejecución"),(K116/877802)*MI_Oferente_Singular!$N116,IF(AND(K116>0,O116<>"Ejecución"),"-","")) | N116: =+IF(M118="No",1,IF(M118="Si","Ingrese %","")) | O116: Ejecución
A117: 4 | B117: ICBF | C117: Público | G117: =IF(AND(E117<>"",F117<>""),((F117-E117)/30),"") | L117: =+IF(AND(K117>0,O117="Ejecución"),(K117/877802)*MI_Oferente_Singular!$N117,IF(AND(K117>0,O117<>"Ejecución"),"-","")) | N117: =+IF(M118="No",1,IF(M118="Si","Ingrese %","")) | O117: Ejecución
A118: 5 | B118: ICBF | C118: Público | G118: =IF(AND(E118<>"",F118<>""),((F118-E118)/30),"") | L118: =+IF(AND(K118>0,O118="Ejecución"),(K118/877802)*MI_Oferente_Singular!$N118,IF(AND(K118>0,O118<>"Ejecución"),"-","")) | N118: =+IF(M118="No",1,IF(M118="Si","Ingrese %","")) | O118: Ejecución
A119: 6 | B119: ICBF | C119: Público | G119: =IF(AND(E119<>"",F119<>""),((F119-E119)/30),"") | L119: =+IF(AND(K119>0,O119="Ejecución"),(K119/877802)*MI_Oferente_Singular!$N119,IF(AND(K119>0,O119<>"Ejecución"),"-","")) | N119: =+IF(M119="No",1,IF(M119="Si","Ingrese %","")) | O119: Ejecución
A120: 7 | B120: ICBF | C120: Público | G120: =IF(AND(E120<>"",F120<>""),((F120-E120)/30),"") | L120: =+IF(AND(K120>0,O120="Ejecución"),(K120/877802)*MI_Oferente_Singular!$N120,IF(AND(K120>0,O120<>"Ejecución"),"-","")) | N120: =+IF(M120="No",1,IF(M120="Si","Ingrese %","")) | O120: Ejecución
A121: 8 | B121: ICBF | C121: Público | G121: =IF(AND(E121<>"",F121<>""),((F121-E121)/30),"") | L121: =+IF(AND(K121>0,O121="Ejecución"),(K121/877802)*MI_Oferente_Singular!$N121,IF(AND(K121>0,O121<>"Ejecución"),"-","")) | N121: =+IF(M121="No",1,IF(M121="Si","Ingrese %","")) | O121: Ejecución
A122: 9 | B122: ICBF | C122: Público | G122: =IF(AND(E122<>"",F122<>""),((F122-E122)/30),"") | L122: =+IF(AND(K122>0,O122="Ejecución"),(K122/877802)*MI_Oferente_Singular!$N122,IF(AND(K122>0,O122<>"Ejecución"),"-","")) | N122: =+IF(M122="No",1,IF(M122="Si","Ingrese %","")) | O122: Ejecución
A123: 10 | B123: ICBF | C123: Público | G123: =IF(AND(E123<>"",F123<>""),((F123-E123)/30),"") | L123: =+IF(AND(K123>0,O123="Ejecución"),(K123/877802)*MI_Oferente_Singular!$N123,IF(AND(K123>0,O123<>"Ejecución"),"-","")) | N123: =+IF(M123="No",1,IF(M123="Si","Ingrese %","")) | O123: Ejecución
A124: 11 | B124: ICBF | C124: Público | G124: =IF(AND(E124<>"",F124<>""),((F124-E124)/30),"") | L124: =+IF(AND(K124>0,O124="Ejecución"),(K124/877802)*MI_Oferente_Singular!$N124,IF(AND(K124>0,O124<>"Ejecución"),"-","")) | N124: =+IF(M124="No",1,IF(M124="Si","Ingrese %","")) | O124: Ejecución
A125: 12 | B125: ICBF | C125: Público | G125: =IF(AND(E125<>"",F125<>""),((F125-E125)/30),"") | L125: =+IF(AND(K125>0,O125="Ejecución"),(K125/877802)*MI_Oferente_Singular!$N125,IF(AND(K125>0,O125<>"Ejecución"),"-","")) | N125: =+IF(M125="No",1,IF(M125="Si","Ingrese %","")) | O125: Ejecución
A126: 13 | B126: ICBF | C126: Público | G126: =IF(AND(E126<>"",F126<>""),((F126-E126)/30),"") | L126: =+IF(AND(K126>0,O126="Ejecución"),(K126/877802)*MI_Oferente_Singular!$N126,IF(AND(K126>0,O126<>"Ejecución"),"-","")) | N126: =+IF(M126="No",1,IF(M126="Si","Ingrese %","")) | O126: Ejecución
A127: 14 | B127: ICBF | C127: Público | G127: =IF(AND(E127<>"",F127<>""),((F127-E127)/30),"") | L127: =+IF(AND(K127>0,O127="Ejecución"),(K127/877802)*MI_Oferente_Singular!$N127,IF(AND(K127>0,O127<>"Ejecución"),"-","")) | N127: =+IF(M127="No",1,IF(M127="Si","Ingrese %","")) | O127: Ejecución
A128: 15 | B128: ICBF | C128: Público | G128: =IF(AND(E128<>"",F128<>""),((F128-E128)/30),"") | L128: =+IF(AND(K128>0,O128="Ejecución"),(K128/877802)*MI_Oferente_Singular!$N128,IF(AND(K128>0,O128<>"Ejecución"),"-","")) | N128: =+IF(M128="No",1,IF(M128="Si","Ingrese %","")) | O128: Ejecución
A129: 16 | B129: ICBF | C129: Público | G129: =IF(AND(E129<>"",F129<>""),((F129-E129)/30),"") | L129: =+IF(AND(K129>0,O129="Ejecución"),(K129/877802)*MI_Oferente_Singular!$N129,IF(AND(K129>0,O129<>"Ejecución"),"-","")) | N129: =+IF(M129="No",1,IF(M129="Si","Ingrese %","")) | O129: Ejecución
... A160: 47 | B160: ICBF | C160: Público | G160: =IF(AND(E160<>"",F160<>""),((F160-E160)/30),"") | L160: =+IF(AND(K160>0,O160="Ejecución"),(K160/877802)*MI_Oferente_Singular!$N160,IF(AND(K160>0,O160<>"Ejecución"),"-","")) | N160: =+IF(M160="No",1,IF(M160="Si","Ingrese %","")) | O160: Ejecución
O161: =HYPERLINK("#MI_Oferente_Singular!A1","INICIO") -> INICIO
A162: TALENTO HUMANO | F162: INFRAESTRUCTURA | I162: DISCAPACIDAD
A163: En esta sección se registrará el cumplimento o no del criterio de Mínimo a contar con el talento humano básico por cada una de las modalidades del servicio y al seleccionar "Si" en la casilla Cumple, usted como Representante legal de la EAS está declarando bajo gravedad de juramento el cumplimento de este requisito. | F163: En esta sección se registrará el cumplimento o no del criterio de Mínimos a contar con la infraestructura básica para la prestación de servicio por cada una de las modalidades del servicio y al seleccionar "Si" en la casilla Cumple, usted como Representante legal de la EAS está declarando bajo gravedad de juramento el cumplimento de este requisito. Este criterio no aplica para la contratación de serviciosasociados a Desarrollo Infantil en Establecimientos de Reclusión – DIER; en este caso, seleccionar N/A. | I163: En esta sección se responderá a la pregunta (Si o No); en caso de seleccionar "Si", el oferente deberá adjuntar copia de la certificación expedida por la persona natural, representante legal de la persona jurídica o el revisor fiscal, que tiene vinculadas personas con discapacidad y la certificación del Ministerio de Trabajo, la cual debe estar vigente al momento de la presentación de la manifestación de interés.
B165: Luego de la validación de los criterios de cumplimiento certifico que: | G165: Luego de la validación de los criterios de cumplimiento certifico que: | I165: ¿Cuenta con el certificado para operar con Talento Humano en condición de discapacidad? | N165: NO
D166: Cumple | G166: Cumple
D167: SI | G167: No Aplica | I167: Recuerde que debe adjuntar en archivo PDF copia de la Resolución nombrado así: Resolución Discapacidad MinTrabajo - "EAS"; en donde "EAS" debe ser el nombre del Oferente.
B168: Consultar maunal operativo | H168: Consultar manual operativo
...

Sheet Listas
A1: SECTOR | B1: Si/No | C1: UNSPSC | D1: ESTADO CONTRATO | E1: OFERENTE | F1: NOMBRE REGIONAL | G1: Si/No=na
A2: Público | B2: Si | C2: 93142008 | D2: Ejecución | E2: Singular | F2: AMAZONAS | G2: Si
A3: Privado | B3: No | C3: 93141500 | D3: Ejecutado | E3: Plural | F3: ANTIOQUIA | G3: No
A4: Mixto | C4: 93141600 | D4: Liquidado | F4: ARAUCA | G4: No Aplica
C5: 86121501 | D5: Terminado | F5: ATLÁNTICO
F6: BOGOTÁ D.C.
F7: BOLÍVAR
F8: BOYACÁ
F9: CALDAS
F10: CAQUETÁ
F11: CASANARE
F12: CAUCA
F13: CESAR
F14: CHOCÓ
F15: CÓRDOBA
F16: CUNDINAMARCA
F17: GUAINÍA
... F34: VICHADA

Sheet Listas2
A1: ENTIDAD_CONTRATANTE | B1: SECTOR_2
A2: ICBF | B2: Público

Sheet ListasDpto-Mpio
A1: DEPARTAMENTO | B1: NACIONAL | C1: AMAZONAS | D1: ANTIOQUIA | E1: ARAUCA | F1: ATLÁNTICO | G1: BOGOTÁ_D.C. | H1: BOLÍVAR | I1: BOYACÁ | J1: CALDAS | K1: CAQUETÁ | L1: CASANARE | M1: CAUCA | N1: CESAR | O1: CHOCÓ | P1: CÓRDOBA | Q1: CUNDINAMARCA | R1: GUAINÍA | S1: GUAVIARE | T1: HUILA | U1: LA_GUAJIRA | V1: MAGDALENA | W1: META | X1: NARIÑO | Y1: NORTE_DE_SANTANDER | Z1: PUTUMAYO | AA1: QUINDÍO | AB1: RISARALDA | AC1: SAN_ANDRÉS_Y_PROVIDENCIA | AD1: SANTANDER | AE1: SUCRE | AF1: TOLIMA | AG1: VALLE_DEL_CAUCA | AH1: VAUPÉS | AI1: VICHADA
B2: NACIONAL | C2: AMAZONAS (DP) | D2: ANTIOQUIA (DP) | E2: ARAUCA (DP) | F2: ATLÁNTICO (DP) | G2: BOGOTÁ D.C. (DP) | H2: BOLÍVAR (DP) | I2: BOYACÁ (DP) | J2: CALDAS (DP) | K2: CAQUETÁ (DP) | L2: CASANARE (DP) | M2: CAUCA (DP) | N2: CESAR (DP) | O2: CHOCÓ (DP) | P2: CÓRDOBA (DP) | Q2: CUNDINAMARCA (DP) | R2: GUAINÍA (DP) | S2: GUAVIARE (DP) | T2: HUILA (DP) | U2: LA GUAJIRA (DP) | V2: MAGDALENA (DP) | W2: META (DP) | X2: NARIÑO (DP) | Y2: NORTE DE SANTANDER (DP) | Z2: PUTUMAYO (DP) | AA2: QUINDÍO (DP) | AB2: RISARALDA (DP) | AC2: SAN ANDRÉS Y PROVIDENCIA (DP) | AD2: SANTANDER (DP) | AE2: SUCRE (DP) | AF2: TOLIMA (DP) | AG2: VALLE DEL CAUCA (DP) | AH2: VAUPÉS (DP) | AI2: VICHADA (DP)
A3: AMAZONAS | C3: EL ENCANTO | D3: ABEJORRAL | E3: ARAUCA | F3: BARANOA | G3: ANTONIO NARIÑO | H3: ACHÍ | I3: ALMEIDA | J3: AGUADAS | K3: ALBANIA | L3: AGUAZUL | M3: ALMAGUER | N3: AGUACHICA | O3: ACANDÍ | P3: AYAPEL | Q3: AGUA DE DIOS | R3: BARRANCO MINAS | S3: CALAMAR | T3: ACEVEDO | U3: ALBANIA | V3: ALGARROBO | W3: ACACÍAS | X3: ALBÁN | Y3: ÁBREGO | Z3: COLÓN | AA3: ARMENIA | AB3: APÍA | AC3: PROVIDENCIA | AD3: AGUADA | AE3: BUENAVISTA | AF3: ALPUJARRA | AG3: ALCALÁ | AH3: CARURÚ | AI3: CUMARIBO
A4: ANTIOQUIA | C4: LA CHORRERA | D4: ABRIAQUÍ | E4: ARAUQUITA | F4: BARRANQUILLA | G4: BARRIOS UNIDOS | H4: ALTOS DEL ROSARIO | I4: AQUITANIA | J4: ANSERMA | K4: BELÉN DE LOS ANDAQUÍES | L4: CHÁMEZA | M4: ARGELIA | N4: AGUSTÍN CODAZZI | O4: ALTO BAUDÓ | P4: BUENAVISTA | Q4: ALBÁN | R4: CACAHUAL | S4: EL RETORNO | T4: AGRADO | U4: BARRANCAS | V4: ARACATACA | W4: BARRANCA DE UPÍA | X4: ALDANA | Y4: ARBOLEDAS | Z4: MOCOA | AA4: BUENAVISTA | AB4: BALBOA | AC4: SAN ANDRÉS | AD4: ALBANIA | AE4: CAIMITO | AF4: ALVARADO | AG4: ANDALUCÍA | AH4: MITÚ | AI4: LA PRIMAVERA
A5: ARAUCA | C5: LA PEDRERA | D5: ALEJANDRÍA | E5: CRAVO NORTE | F5: CAMPO DE LA CRUZ | G5: BOGOTÁ, D.C. | H5: ARENAL | I5: ARCABUCO | J5: ARANZAZU | K5: CARTAGENA DEL CHAIRÁ | L5: HATO COROZAL | M5: BALBOA | N5: ASTREA | O5: ATRATO | P5: CANALETE | Q5: ANAPOIMA | R5: INÍRIDA | S5: MIRAFLORES | T5: AIPE | U5: DIBULLA | V5: ARIGUANÍ | W5: CABUYARO | X5: ANCUYÁ | Y5: BOCHALEMA | Z5: ORITO | AA5: CALARCÁ | AB5: BELÉN DE UMBRÍA | AD5: ARATOCA | AE5: CHALÁN | AF5: AMBALEMA | AG5: ANSERMANUEVO | AH5: PACOA | AI5: PUERTO CARREÑO
A6: ATLÁNTICO | C6: LA VICTORIA | D6: AMAGÁ | E6: FORTUL | F6: CANDELARIA | G6: BOSA | H6: ARJONA | I6: BELÉN | J6: BELALCÁZAR | K6: CURILLO | L6: LA SALINA | M6: BOLÍVAR | N6: BECERRIL | O6: BAGADÓ | P6: CERETÉ | Q6: ANOLAIMA | R6: LA GUADALUPE | S6: SAN JOSÉ DEL GUAVIARE | T6: ALGECIRAS | U6: DISTRACCIÓN | V6: CERRO DE SAN ANTONIO | W6: CASTILLA LA NUEVA | X6: ARBOLEDA | Y6: BUCARASICA | Z6: PUERTO ASÍS | AA6: CIRCASIA | AB6: DOSQUEBRADAS | AD6: BARBOSA | AE6: COLOSÓ | AF6: ANZOÁTEGUI | AG6: ARGELIA | AH6: PAPUNAUA | AI6: SANTA ROSALÍA
A7: BOGOTÁ_D.C. | C7: LETICIA | D7: AMALFI | E7: PUERTO RONDÓN | F7: GALAPA | G7: CHAPINERO | H7: ARROYOHONDO | I7: BERBEO | J7: CHINCHINÁ | K7: EL DONCELLO | L7: MANÍ | M7: BUENOS AIRES | N7: BOSCONIA | O7: BAHÍA SOLANO | P7: CHIMÁ | Q7: APULO | R7: MAPIRIPANA | T7: ALTAMIRA | U7: EL MOLINO | V7: CHIVOLO | W7: CUBARRAL | X7: BARBACOAS | Y7: CÁCHIRA | Z7: PUERTO CAICEDO | AA7: CÓRDOBA | AB7: GUÁTICA | AD7: BARICHARA | AE7: COROZAL | AF7: ARMERO GUAYABAL | AG7: BOLÍVAR | AH7: TARAIRA
A8: BOLÍVAR | C8: MIRITÍ - PARANÁ | D8: ANDES | E8: SARAVENA | F8: JUAN DE ACOSTA | G8: CIUDAD BOLÍVAR | H8: BARRANCO DE LOBA | I8: BETÉITIVA | J8: FILADELFIA | K8: EL PAUJÍL | L8: MONTERREY | M8: CAJIBÍO | N8: CHIMICHAGUA | O8: BAJO BAUDÓ | P8: CHINÚ | Q8: ARBELÁEZ | R8: MORICHAL | T8: BARAYA | U8: FONSECA | V8: CIÉNAGA | W8: CUMARAL | X8: BELÉN | Y8: CÁCOTA | Z8: PUERTO GUZMÁN | AA8: FILANDIA | AB8: LA CELIA | AD8: BARRANCABERMEJA | AE8: COVEÑAS | AF8: ATACO | AG8: BUENAVENTURA | AH8: YAVARATÉ
A9: BOYACÁ | C9: PUERTO ALEGRÍA | D9: ANGELÓPOLIS | E9: TAME | F9: LURUACO | G9: ENGATIVÁ | H9: CALAMAR | I9: BOAVITA | J9: LA DORADA | K9: FLORENCIA | L9: NUNCHÍA | M9: CALDONO | N9: CHIRIGUANÁ | O9: BÉLEN DE BAJIRÁ | P9: CIÉNAGA DE ORO | Q9: BELTRÁN | R9: PANA PANA | T9: CAMPOALEGRE | U9: HATONUEVO | V9: CONCORDIA | W9: EL CALVARIO | X9: BUESACO | Y9: CHINÁCOTA | Z9: PUERTO LEGUÍZAMO | AA9: GÉNOVA | AB9: LA VIRGINIA | AD9: BETULIA | AE9: EL ROBLE | AF9: CAJAMARCA | AG9: BUGALAGRANDE
A10: CALDAS | C10: PUERTO ARICA | D10: ANGOSTURA | F10: MALAMBO | G10: FONTIBÓN | H10: CANTAGALLO | I10: BOYACÁ | J10: LA MERCED | K10: LA MONTAÑITA | L10: OROCUÉ | M10: CALOTO | N10: CURUMANÍ | O10: BOJAYÁ | P10: COTORRA | Q10: BITUIMA | R10: PUERTO COLOMBIA | T10: COLOMBIA | U10: LA JAGUA DEL PILAR | V10: EL BANCO | W10: EL CASTILLO | X10: CHACHAGÜÍ | Y10: CHITAGÁ | Z10: SAN FRANCISCO | AA10: LA TEBAIDA | AB10: MARSELLA | AD10: BOLÍVAR | AE10: GALERAS | AF10: CARMEN DE APICALÁ | AG10: CAICEDONIA
A11: CAQUETÁ | C11: PUERTO NARIÑO | D11: ANORÍ | F11: MANATÍ | G11: KENNEDY | H11: CARTAGENA DE INDIAS | I11: BRICEÑO | J11: MANIZALES | K11: MILÁN | L11: PAZ DE ARIPORO | M11: CORINTO | N11: EL COPEY | O11: CARMEN DEL DARIÉN | P11: LA APARTADA | Q11: BOJACÁ | R11: SAN FELIPE | T11: ELÍAS | U11: MAICAO | V11: EL PIÑÓN | W11: EL DORADO | X11: COLÓN | Y11: CONVENCIÓN | Z11: SAN MIGUEL | AA11: MONTENEGRO | AB11: MISTRATÓ | AD11: BUCARAMANGA | AE11: GUARANDA | AF11: CASABIANCA | AG11: CALI
A12: CASANARE | C12: PUERTO SANTANDER | D12: ANZÁ | F12: PALMAR DE VARELA | G12: LA CANDELARIA | H12: CICUCO | I12: BUENAVISTA | J12: MANZANARES | K12: MORELIA | L12: PORE | M12: EL TAMBO | N12: EL PASO | O12: CÉRTEGUI | P12: LORICA | Q12: CABRERA | T12: GARZÓN | U12: MANAURE | V12: EL RETÉN | W12: FUENTE DE ORO | X12: CONSACÁ | Y12: CÚCUTA | Z12: SANTIAGO | AA12: PIJAO | AB12: PEREIRA | AD12: CABRERA | AE12: LA UNIÓN | AF12: CHAPARRAL | AG12: CALIMA
A13: CAUCA | C13: TARAPACÁ | D13: APARTADÓ | F13: PIOJÓ | G13: LOS MÁRTIRES | H13: CLEMENCIA | I13: BUSBANZÁ | J13: MARMATO | K13: PUERTO RICO | L13: RECETOR | M13: FLORENCIA | N13: GAMARRA | O13: CONDOTO | P13: LOS CÓRDOBAS | Q13: CACHIPAY | T13: GIGANTE | U13: RIOHACHA | V13: FUNDACIÓN | W13: GRANADA | X13: CONTADERO | Y13: CUCUTILLA | Z13: SIBUNDOY | AA13: QUIMBAYA | AB13: PUEBLO RICO | AD13: CALIFORNIA | AE13: LOS PALMITOS | AF13: COELLO | AG13: CANDELARIA
A14: CESAR | D14: ARBOLETES | F14: POLONUEVO | G14: PUENTE ARANDA | H14: CÓRDOBA | I14: CALDAS | J14: MARQUETALIA | K14: SAN JOSÉ DEL FRAGUA | L14: SABANALARGA | M14: GUACHENÉ | N14: GONZÁLEZ | O14: EL CANTÓN DEL SAN PABLO | P14: MOMIL | Q14: CAJICÁ | T14: GUADALUPE | U14: SAN JUAN DEL CESAR | V14: GUAMAL | W14: GUAMAL | X14: CÓRDOBA | Y14: DURANIA | Z14: VALLE DEL GUAMUEZ | AA14: SALENTO | AB14: QUINCHÍA | AD14: CAPITANEJO | AE14: MAJAGUAL | AF14: COYAIMA | AG14: CARTAGO
A15: CHOCÓ | D15: ARGELIA | F15: PONEDERA | G15: RAFAEL URIBE URIBE | H15: EL CARMEN DE BOLÍVAR | I15: CAMPOHERMOSO | J15: MARULANDA | K15: SAN VICENTE DEL CAGUÁN | L15: SÁCAMA | M15: GUAPÍ | N15: LA GLORIA | O15: EL CARMEN DE ATRATO | P15: MONTELÍBANO | Q15: CAPARRAPÍ | T15: HOBO | U15: URIBIA | V15: NUEVA GRANADA | W15: LA MACARENA | X15: CUASPÚD | Y15: EL CARMEN | Z15: VILLAGARZÓN | AB15: SANTA ROSA DE CABAL | AD15: CARCASÍ | AE15: MORROA | AF15: CUNDAY | AG15: DAGUA
A16: CÓRDOBA | D16: ARMENIA | F16: PUERTO COLOMBIA | G16: SAN CRISTÓBAL | H16: EL GUAMO | I16: CERINZA | J16: NEIRA | K16: SOLANO | L16: SAN LUIS DE PALENQUE | M16: INZÁ | N16: LA JAGUA DE IBIRICO | O16: EL LITORAL DEL SAN JUAN | P16: MONTERÍA | Q16: CÁQUEZA | T16: ÍQUIRA | U16: URUMITA | V16: PEDRAZA | W16: LEJANÍAS | X16: CUMBAL | Y16: EL TARRA | AB16: SANTUARIO | AD16: CEPITÁ | AE16: OVEJAS | AF16: DOLORES | AG16: EL ÁGUILA
A17: CUNDINAMARCA | D17: BARBOSA | F17: REPELÓN | G17: SANTA FE | H17: EL PEÑÓN | I17: CHINAVITA | J17: NORCASIA | K17: SOLITA | L17: TÁMARA | M17: JAMBALÓ | N17: LA PAZ | O17: ISTMINA | P17: MOÑITOS | Q17: CARMEN DE CARUPA | T17: ISNOS | U17: VILLANUEVA | V17: PIJIÑO DEL CARMEN | W17: MAPIRIPÁN | X17: CUMBITARA | Y17: EL ZULIA | AD17: CERRITO | AE17: PALMITO | AF17: ESPINAL | AG17: EL CAIRO
A18: GUAINÍA | D18: BELLO | F18: SABANAGRANDE | G18: SUBA | H18: HATILLO DE LOBA | I18: CHIQUINQUIRÁ | J18: PÁCORA | K18: VALPARAÍSO | L18: TAURAMENA | M18: LA SIERRA | N18: MANAURE BALCÓN DEL CESAR | O18: JURADÓ | P18: PLANETA RICA | Q18: CHAGUANÍ | T18: LA ARGENTINA | V18: PIVIJAY | W18: MESETAS | X18: EL CHARCO | Y18: GRAMALOTE | AD18: CHARALÁ | AE18: SAMPUÉS | AF18: FALAN | AG18: EL CERRITO
A19: GUAVIARE | D19: BELMIRA | F19: SABANALARGA | G19: SUMAPAZ | H19: MAGANGUÉ | I19: CHÍQUIZA | J19: PALESTINA | L19: TRINIDAD | M19: LA VEGA | N19: PAILITAS | O19: LLORÓ | P19: PUEBLO NUEVO | Q19: CHÍA | T19: LA PLATA | V19: PLATO | W19: PUERTO CONCORDIA | X19: EL PEÑOL | Y19: HACARÍ | AD19: CHARTA | AE19: SAN BENITO ABAD | AF19: FLANDES | AG19: EL DOVIO
A20: HUILA | D20: BETANIA | F20: SANTA LUCÍA | G20: TEUSAQUILLO | H20: MAHATES | I20: CHISCAS | J20: PENSILVANIA | L20: VILLANUEVA | M20: LÓPEZ DE MICAY | N20: PELAYA | O20: MEDIO ATRATO | P20: PUERTO ESCONDIDO | Q20: CHIPAQUE | T20: NÁTAGA | V20: PUEBLOVIEJO | W20: PUERTO GAITÁN | X20: EL ROSARIO | Y20: HERRÁN | AD20: CHIMA | AE20: SAN JUAN DE BETULIA | AF20: FRESNO | AG20: FLORIDA
A21: LA_GUAJIRA | D21: BETULIA | F21: SANTO TOMÁS | G21: TUNJUELITO | H21: MARGARITA | I21: CHITA | J21: RIOSUCIO | L21: YOPAL | M21: MERCADERES | N21: PUEBLO BELLO | O21: MEDIO BAUDÓ | P21: PUERTO LIBERTADOR | Q21: CHOACHÍ | T21: NEIVA | V21: REMOLINO | W21: PUERTO LLERAS | X21: EL TABLÓN DE GÓMEZ | Y21: LA ESPERANZA | AD21: CHIPATÁ | AE21: SAN LUIS DE SINCÉ | AF21: GUAMO | AG21: GINEBRA
A22: MAGDALENA | D22: BRICEÑO | F22: SOLEDAD | G22: USAQUÉN | H22: MARÍA LA BAJA | I22: CHITARAQUE | J22: RISARALDA | M22: MIRANDA | N22: RÍO DE ORO | O22: MEDIO SAN JUAN | P22: PURÍSIMA DE LA CONCEPCIÓN | Q22: CHOCONTÁ | T22: OPORAPA | V22: SABANAS DE SAN ÁNGEL | W22: PUERTO LÓPEZ | X22: EL TAMBO | Y22: LA PLAYA | AD22: CIMITARRA | AE22: SAN MARCOS | AF22: HERVEO | AG22: GUACARÍ
A23: META | D23: BURITICÁ | F23: SUAN | G23: USME | H23: MOMPÓS | I23: CHIVATÁ | J23: SALAMINA | M23: MORALES | N23: SAN ALBERTO | O23: NÓVITA | P23: SAHAGÚN | Q23: COGUA | T23: PAICOL | V23: SALAMINA | W23: PUERTO RICO | X23: FRANCISCO PIZARRO | Y23: LABATECA | AD23: CONCEPCIÓN | AE23: SAN ONOFRE | AF23: HONDA | AG23: GUADALAJARA DE BUGA
A24: NARIÑO | D24: CÁCERES | F24: TUBARÁ | H24: MONTECRISTO | I24: CHIVOR | J24: SAMANÁ | M24: PADILLA | N24: SAN DIEGO | O24: NUQUÍ | P24: SAN ANDRÉS DE SOTAVENTO | Q24: COTA | T24: PALERMO | V24: SAN SEBASTIÁN DE BUENAVISTA | W24: RESTREPO | X24: FUNES | Y24: LOS PATIOS | AD24: CONFINES | AE24: SAN PEDRO | AF24: IBAGUÉ | AG24: JAMUNDÍ
A25: NORTE_DE_SANTANDER | D25: CAICEDO | F25: USIACURÍ | H25: MORALES | I25: CIÉNEGA | J25: SAN JOSÉ | M25: PÁEZ | N25: SAN MARTÍN | O25: QUIBDÓ | P25: SAN ANTERO | Q25: CUCUNUBÁ | T25: PALESTINA | V25: SAN ZENÓN | W25: SAN CARLOS DE GUAROA | X25: GUACHUCAL | Y25: LOURDES | AD25: CONTRATACIÓN | AE25: SANTIAGO DE TOLÚ | AF25: ICONONZO | AG25: LA CUMBRE
A26: PUTUMAYO | D26: CALDAS | H26: NOROSÍ | I26: CÓMBITA | J26: SUPÍA | M26: PATÍA | N26: TAMALAMEQUE | O26: RÍO IRÓ | P26: SAN BERNARDO DEL VIENTO | Q26: EL COLEGIO | T26: PITAL | V26: SANTA ANA | W26: SAN JUAN DE ARAMA | X26: GUAITARILLA | Y26: MUTISCUA | AD26: COROMORO | AE26: SINCELEJO | AF26: LÉRIDA | AG26: LA UNIÓN
A27: QUINDÍO | D27: CAMPAMENTO | H27: PINILLOS | I27: COPER | J27: VICTORIA | M27: PIAMONTE | N27: VALLEDUPAR | O27: RÍO QUITO | P27: SAN CARLOS | Q27: EL PEÑÓN | T27: PITALITO | V27: SANTA BÁRBARA DE PINTO | W27: SAN JUANITO | X27: GUALMATÁN | Y27: OCAÑA | AD27: CURITÍ | AE27: SUCRE | AF27: LÍBANO | AG27: LA VICTORIA
A28: RISARALDA | D28: CAÑASGORDAS | H28: REGIDOR | I28: CORRALES | J28: VILLAMARÍA | M28: PIENDAMÓ | O28: RIOSUCIO | P28: SAN JOSÉ DE URÉ | Q28: EL ROSAL | T28: RIVERA | V28: SANTA MARTA | W28: SAN MARTÍN | X28: ILES | Y28: PAMPLONA | AD28: EL CARMEN DE CHUCURÍ | AE28: TOLÚ VIEJO | AF28: MELGAR | AG28: OBANDO
A29: SAN_ANDRÉS_Y_PROVIDENCIA | D29: CARACOLÍ | H29: RÍO VIEJO | I29: COVARACHÍA | J29: VITERBO | M29: POPAYÁN | O29: SAN JOSÉ DEL PALMAR | P29: SAN PELAYO | Q29: FACATATIVÁ | T29: SALADOBLANCO | V29: SITIONUEVO | W29: URIBE | X29: IMUÉS | Y29: PAMPLONITA | AD29: EL GUACAMAYO | AF29: MURILLO | AG29: PALMIRA
A30: SANTANDER | D30: CARAMANTA | H30: SAN CRISTÓBAL | I30: CUBARÁ | M30: PUERTO TEJADA | O30: SIPÍ | P30: TIERRALTA | Q30: FÓMEQUE | T30: SAN AGUSTÍN | V30: TENERIFE | W30: VILLAVICENCIO | X30: IPIALES | Y30: PUERTO SANTANDER | AD30: EL PEÑÓN | AF30: NATAGAIMA | AG30: PRADERA
A31: SUCRE | D31: CAREPA | H31: SAN ESTANISLAO | I31: CUCAITA | M31: PURACÉ | O31: TADÓ | P31: TUCHÍN | Q31: FOSCA | T31: SANTA MARÍA | V31: ZAPAYÁN | W31: VISTAHERMOSA | X31: LA CRUZ | Y31: RAGONVALIA | AD31: EL PLAYÓN | AF31: ORTEGA | AG31: RESTREPO
A32: TOLIMA | D32: CAROLINA | H32: SAN FERNANDO | I32: CUÍTIVA | M32: ROSAS | O32: UNGUÍA | P32: VALENCIA | Q32: FUNZA | T32: SUAZA | V32: ZONA BANANERA | X32: LA FLORIDA | Y32: SALAZAR | AD32: ENCINO | AF32: PALOCABILDO | AG32: RIOFRÍO
A33: VALLE_DEL_CAUCA | D33: CAUCASIA | H33: SAN JACINTO | I33: DUITAMA | M33: SAN SEBASTIÁN | O33: UNIÓN PANAMERICANA | Q33: FÚQUENE | T33: TARQUI | X33: LA LLANADA | Y33: SAN CALIXTO | AD33: ENCISO | AF33: PIEDRAS | AG33: ROLDANILLO
A34: VAUPÉS | D34: CHIGORODÓ | H34: SAN JACINTO DEL CAUCA | I34: EL COCUY | M34: SANTA ROSA | Q34: FUSAGASUGÁ | T34: TELLO | X34: LA TOLA | Y34: SAN CAYETANO | AD34: FLORIÁN | AF34: PLANADAS | AG34: SAN PEDRO
A35: VICHADA | D35: CISNEROS | H35: SAN JUAN NEPOMUCENO | I35: EL ESPINO | M35: SANTANDER DE QUILICHAO | Q35: GACHALÁ | T35: TERUEL | X35: LA UNIÓN | Y35: SANTIAGO | AD35: FLORIDABLANCA | AF35: PRADO | AG35: SEVILLA
A36: NACIONAL | D36: CIUDAD BOLÍVAR | H36: SAN MARTÍN DE LOBA | I36: FIRAVITOBA | M36: SILVIA | Q36: GACHANCIPÁ | T36: TESALIA | X36: LEIVA | Y36: SARDINATA | AD36: GALÁN | AF36: PURIFICACIÓN | AG36: TORO
D37: COCORNÁ | H37: SAN PABLO | I37: FLORESTA | M37: SOTARA | Q37: GACHETÁ | T37: TIMANÁ | X37: LINARES | Y37: SILOS | AD37: GÁMBITA | AF37: RIOBLANCO | AG37: TRUJILLO
D38: CONCEPCIÓN | H38: SANTA CATALINA | I38: GACHANTIVÁ | M38: SUÁREZ | Q38: GAMA | T38: VILLAVIEJA | X38: LOS ANDES | Y38: TEORAMA | AD38: GIRÓN | AF38: RONCESVALLES | AG38: TULUÁ
D39: CONCORDIA | H39: SANTA ROSA | I39: GÁMEZA | M39: SUCRE | Q39: GIRARDOT | T39: YAGUARÁ | X39: MAGÜÍ | Y39: TIBÚ | AD39: GUACA | AF39: ROVIRA | AG39: ULLOA
D40: COPACABANA | H40: SANTA ROSA DEL SUR | I40: GARAGOA | M40: TIMBÍO | Q40: GRANADA | X40: MALLAMA | Y40: TOLEDO | AD40: GUADALUPE | AF40: SALDAÑA | AG40: VERSALLES
D41: DABEIBA | H41: SIMITÍ | I41: GUACAMAYAS | M41: TIMBIQUÍ | Q41: GUACHETÁ | X41: MOSQUERA | Y41: VILLA CARO | AD41: GUAPOTÁ | AF41: SAN ANTONIO | AG41: VIJES
D42: DONMATÍAS | H42: SOPLAVIENTO | I42: GUATEQUE | M42: TORIBÍO | Q42: GUADUAS | X42: NARIÑO | Y42: VILLA DEL ROSARIO | AD42: GUAVATÁ | AF42: SAN LUIS | AG42: YOTOCO
D43: EBÉJICO | H43: TALAIGUA NUEVO | I43: GUAYATÁ | M43: TOTORÓ | Q43: GUASCA | X43: OLAYA HERRERA | AD43: GÜEPSA | AF43: SAN SEBASTIÁN DE MARIQUITA | AG43: YUMBO
D44: EL BAGRE | H44: TIQUISIO | I44: GÜICÁN | M44: VILLA RICA | Q44: GUATAQUÍ | X44: OSPINA | AD44: HATO | AF44: SANTA ISABEL | AG44: ZARZAL
D45: EL CARMEN DE VIBORAL | H45: TURBACO | I45: IZA | Q45: GUATAVITA | X45: PASTO | AD45: JESÚS MARÍA | AF45: SUÁREZ
D46: EL SANTUARIO | H46: TURBANÁ | I46: JENESANO | Q46: GUAYABAL DE SÍQUIMA | X46: POLICARPA | AD46: JORDÁN | AF46: VALLE DE SAN JUAN
D47: ENTRERRÍOS | H47: VILLANUEVA | I47: JERICÓ | Q47: GUAYABETAL | X47: POTOSÍ | AD47: LA BELLEZA | AF47: VENADILLO
D48: ENVIGADO | H48: ZAMBRANO | I48: LA CAPILLA | Q48: GUTIÉRREZ | X48: PROVIDENCIA | AD48: LA PAZ | AF48: VILLAHERMOSA
D49: FREDONIA | I49: LA UVITA | Q49: JERUSALÉN | X49: PUERRES | AD49: LANDÁZURI | AF49: VILLARRICA
D50: FRONTINO | I50: LA VICTORIA | Q50: JUNÍN | X50: PUPIALES | AD50: LEBRIJA
D51: GIRALDO | I51: LABRANZAGRANDE | Q51: LA CALERA | X51: RICAURTE | AD51: LOS SANTOS
D52: GIRARDOTA | I52: MACANAL | Q52: LA MESA | X52: ROBERTO PAYÁN | AD52: MACARAVITA
D53: GÓMEZ PLATA | I53: MARIPÍ | Q53: LA PALMA | X53: SAMANIEGO | AD53: MÁLAGA
D54: GRANADA | I54: MIRAFLORES | Q54: LA PEÑA | X54: SAN ANDRÉS DE TUMACO | AD54: MATANZA
D55: GUADALUPE | I55: MONGUA | Q55: LA VEGA | X55: SAN BERNARDO | AD55: MOGOTES
D56: GUARNE | I56: MONGUÍ | Q56: LENGUAZAQUE | X56: SAN LORENZO | AD56: MOLAGAVITA
D57: GUATAPÉ | I57: MONIQUIRÁ | Q57: MACHETÁ | X57: SAN PABLO | AD57: OCAMONTE
D58: HELICONIA | I58: MOTAVITA | Q58: MADRID | X58: SAN PEDRO DE CARTAGO | AD58: OIBA
D59: HISPANIA | I59: MUZO | Q59: MANTA | X59: SANDONÁ | AD59: ONZAGA
D60: ITAGÜÍ | I60: NOBSA | Q60: MEDINA | X60: SANTA BÁRBARA | AD60: PALMAR
D61: ITUANGO | I61: NUEVO COLÓN | Q61: MOSQUERA | X61: SANTACRUZ | AD61: PALMAS DEL SOCORRO
... D66: LA PINTADA | I66: PAIPA | Q66: NOCAIMA | X66: YACUANQUER | AD66: PUERTO PARRA
D67: LA UNIÓN | I67: PAJARITO | Q67: PACHO | AD67: PUERTO WILCHES
D68: LIBORINA | I68: PANQUEBA | Q68: PAIME | AD68: RIONEGRO
D69: MACEO | I69: PAUNA | Q69: PANDI | AD69: SABANA DE TORRES
D70: MARINILLA | I70: PAYA | Q70: PARATEBUENO | AD70: SAN ANDRÉS
D71: MEDELLÍN | I71: PAZ DE RÍO | Q71: PASCA | AD71: SAN BENITO
D72: MONTEBELLO | I72: PESCA | Q72: PUERTO SALGAR | AD72: SAN GIL
D73: MURINDÓ | I73: PISBA | Q73: PULÍ | AD73: SAN JOAQUÍN
D74: MUTATÁ | I74: PUERTO BOYACÁ | Q74: QUEBRADANEGRA | AD74: SAN JOSÉ DE MIRANDA
D75: NARIÑO | I75: QUÍPAMA | Q75: QUETAME | AD75: SAN MIGUEL
D76: NECHÍ | I76: RAMIRIQUÍ | Q76: QUIPILE | AD76: SAN VICENTE DE CHUCURÍ
D77: NECOCLÍ | I77: RÁQUIRA | Q77: RICAURTE | AD77: SANTA BÁRBARA
D78: OLAYA | I78: RONDÓN | Q78: SAN ANTONIO DEL TEQUENDAMA | AD78: SANTA HELENA DEL OPÓN
... D89: SABANETA | I89: SANTA ROSA DE VITERBO | Q89: SOPÓ | AD89: ZAPATOCA
D90: SALGAR | I90: SANTA SOFÍA | Q90: SUBACHOQUE
D91: SAN ANDRÉS DE CUERQUÍA | I91: SANTANA | Q91: SUESCA
D92: SAN CARLOS | I92: SATIVANORTE | Q92: SUPATÁ
D93: SAN FRANCISCO | I93: SATIVASUR | Q93: SUSA
D94: SAN JERÓNIMO | I94: SIACHOQUE | Q94: SUTATAUSA
D95: SAN JOSÉ DE LA MONTAÑA | I95: SOATÁ | Q95: TABIO
D96: SAN JUAN DE URABÁ | I96: SOCHA | Q96: TAUSA
D97: SAN LUIS | I97: SOCOTÁ | Q97: TENA
D98: SAN PEDRO DE LOS MILAGROS | I98: SOGAMOSO | Q98: TENJO
D99: SAN PEDRO DE URABÁ | I99: SOMONDOCO | Q99: TIBACUY
D100: SAN RAFAEL | I100: SORA | Q100: TIBIRITA
D101: SAN ROQUE | I101: SORACÁ | Q101: TOCAIMA
... D118: VALDIVIA | I118: TURMEQUÉ | Q118: ZIPAQUIRÁ
D119: VALPARAÍSO | I119: TUTA
D120: VEGACHÍ | I120: TUTAZÁ
D121: VENECIA | I121: ÚMBITA
D122: VIGÍA DEL FUERTE | I122: VENTAQUEMADA
D123: YALÍ | I123: VILLA DE LEYVA
D124: YARUMAL | I124: VIRACACHÁ
D125: YOLOMBÓ | I125: ZETAQUIRA
D126: YONDÓ
D127: ZARAGOZA

Sheet EAS
A1: NIT | B1: EAS
A2: 800003529 | B2: ASOCIACIÓN DE PADRES DE FAMILIA DEL HOGAR INFANTIL EL PATOSO
A3: 800009090 | B3: FUNDACIÓN LAS GOLONDRINAS
A4: 800010537 | B4: ASOCIACIÓN DE PADRES DE FAMILIA Y VECINOS HOGAR INFANTIL SAN PEDRO CLAVER
A5: 800012645 | B5: DIOCESIS DE FLORENCIA
A6: 800013066 | B6: ASOCIACIÓN DE PADRES DE FAMILIA Y VECINOS DEL HOGAR INFANTIL SAN JOSE DEL FRAGUA
A7: 800013945 | B7: ASOCIACIÓN DE PADRES DE FAMILIA DE LOS NIÑOS USUARIOS DEL HOGAR INFANTIL SONRISITAS
A8: 800014727 | B8: ASOCIACIÓN DE PADRES DE FAMILIA DE LOS NIÑOS USUARIOS DEL HOGAR INFANTIL EL TIGRILLO
A9: 800016947 | B9: HOGAR INFANTIL EL ARADO
A10: 800019459 | B10: ASOCIACIÓN DE PADRES DE FAMILIA HOGAR INFANTIL LOS CARACOLES
A11: 800035550 | B11: ASOCIACIÓN DE PADRES USUARIOS, OTRAS MODALIDADES DE ATENCIÓN A PRIMERA INFANCIA Y MADRES COMUNITARIAS VIVIR EL FUTURO
A12: 800038563 | B12: ASOCIACIÓN DE PADRES USUARIOS, OTRAS MODALIDADES DE ATENCION A PRIMERA INFANCIA Y MADRES COMUNITARIAS EL FUTURO DEL NIÑO
A13: 800039840 | B13: ASOCIACIÓN DE USUARIOS DEL PROGRAMA HOGARES DE BIENESTAR "FUTURAS ESTRELLITAS"
... A1439: 890321783 | B1439: HOGAR INFANTIL MIS AÑOS DE FANTASIA
